 Dungeon Crawl Stone Soup version 0.20-a0-11-ga97c7b5 (webtiles) character file.

13890 Maramoto the Thaumaturge (level 12, 0/69 HPs)
             Began as a Gargoyle Earth Elementalist on Nov 2, 2016.
             Was a Believer of Vehumet.
             Slain by a five-headed hydra (6 damage)
             ... on level 2 of the Lair of Beasts.
             The game lasted 00:44:32 (15631 turns).

Maramoto the Thaumaturge (GrEE)                    Turns: 15631, Time: 00:44:32

Health: 0/69       AC: 18    Str: 13    XL:     12   Next: 10%
Magic:  24/26      EV: 20    Int: 20    God:    Vehumet [**....]
Gold:   598        SH:  0    Dex: 15    Spells: 4 memorised, 19 levels left

rFire  . . .     SeeInvis .     Q - +0 falchion (flame)
rCold  . . .     Gourm    .     P - +2 robe {MR+}
rNeg   + . .     Faith    .     (no shield)
rPois  ∞         Spirit   .     s - +1 helmet
rElec  +         Reflect  .     (no cloak)
rCorr  +         Harm     .     B - +0 pair of gloves
MR     +....                    l - +0 pair of boots
Stlth  +++.......               x - amulet of regeneration
                                L - ring of flight
                                y - ring of resist corrosion

@: agile, about to teleport
A: negative energy resistance 1, electricity resistance, unbreathing,
petrification resistance, rot immunity, AC +8
a: Renounce Religion, Evoke Flight


You were on level 2 of the Lair of Beasts.
You worshipped Vehumet.
Vehumet was pleased with you.
You were not hungry.

You visited 3 branches of the dungeon, and saw 13 of its levels.

You collected 598 gold pieces.

Inventory:

Hand Weapons
 p - a +2 short sword of venom
 t - a +4 dagger of venom
 O - a +0 whip of venom
 Q - a +0 falchion of flaming (weapon)
Missiles
 b - 290 stones (quivered)
 w - a throwing net
Armour
 l - a +0 pair of boots (worn)
 s - a +1 helmet (worn)
 B - a +0 pair of gloves (worn)
 G - a +0 leather armour of fire resistance
 P - a +2 robe of magic resistance (worn)
Jewellery
 x - an amulet of regeneration (around neck)
 y - a ring of resist corrosion (left hand)
 I - an uncursed amulet of rage
 L - a ring of flight (right hand)
Wands
 i - a wand of confusion (19/48)
 D - a wand of flame (21/48)
 T - a wand of disintegration (15/24)
Scrolls
 a - 5 scrolls of fog
 g - 6 scrolls of amnesia
 q - 4 scrolls of teleportation
 A - a scroll of identify
 H - a scroll of remove curse
 K - a scroll of magic mapping
Potions
 h - 2 potions of lignification {unknown}
 m - a potion of resistance {unknown}
 n - 2 potions of agility
 o - a potion of mutation {unknown}
 r - 4 potions of flight
 u - 3 potions of cancellation
 v - 3 potions of curing
 z - 3 potions of might
 C - a potion of degeneration {unknown}
 J - 3 potions of brilliance {unknown}
 N - a potion of cure mutation {unknown}
Books
 e - a book of Geomancy

   Spells                             Type                      Level
   a - Sandblast                      Earth                        1
   b - Passwall                       Transmutation/Earth          2
   c - Stone Arrow                    Conjuration/Earth            3
   d - Petrify                        Transmutation/Earth          4
   e - Lee's Rapid Deconstruction     Earth                        5
 F - a book of Maledictions

   Spells                             Type                      Level
   a - Corona                         Hexes                        1
   b - Ensorcelled Hibernation        Hexes/Ice                    2
   c - Confuse                        Hexes                        3
   d - Tukima's Dance                 Hexes                        3
   e - Dazzling Spray                 Conjuration/Hexes            3
Comestibles
 c - a royal jelly
 d - 4 bread rations
 j - 6 slices of pizza
 k - 7 meat rations
 M - 10 fruits


   Skills:
 + Level 5.9 Fighting
 + Level 5.4 Maces & Flails
 + Level 6.4 Armour
 + Level 4.9 Dodging
 - Level 2.1 Stealth
 * Level 10.4 Spellcasting
 + Level 8.1 Conjurations
   Level 0.7 Transmutations
 * Level 1.6 Fire Magic
 + Level 9.7 Earth Magic


You had 19 spell levels left.
You knew the following spells:

 Your Spells              Type           Power        Failure   Level  Hunger
a - Sandblast             Erth           #####.       1%          1    None
b - Stone Arrow           Conj/Erth      #####.       1%          3    None
c - Lee's Rapid Deconstr  Erth           #####.....   4%          5    ####...
d - Conjure Flame         Conj/Fire      ####....     2%          3    None


Dungeon Overview and Level Annotations

Branches:
Dungeon (10/15)            Temple (1/1) D:6            Lair (2/6) D:10
    Orc (0/2) D:10
  Swamp: Lair:2-4    Shoals: Lair:2-4     Snake: Lair:2-4    Spider: Lair:2-4

Altars:
Ashenzari
Cheibriados
Dithmenos
Elyvilon
Fedhas
Gozag
Hepliaklqana
Kikubaaqudgha
Makhleb
Nemelex Xobeh
Okawaru
Qazlal
Ru
Sif Muna
Trog
Uskayaw
Vehumet
Xom
Yredelemnul
Zin
The Shining One

Annotations:
D:4 exclusion: oklob plant


Innate Abilities, Weirdness & Mutations

You are resistant to torment.
Your stone body is resilient. (AC +8)
You are immune to poison.
You resist negative energy. (rN+)
You are resistant to electric shocks. (rElec)
You can survive without breathing.
You are immune to petrification.
You are immune to rotting.


Message History

The five-headed hydra misses you. The five-headed hydra bites you!
The five-headed hydra misses you. The five-headed hydra bites you!
The five-headed hydra misses you.
Unknown command.
You feel much better. The five-headed hydra bites you!
The five-headed hydra bites you. x4
* * * LOW HITPOINT WARNING * * *
Okay, then.
As you read the scroll of teleportation, it crumbles to dust.
You feel strangely unstable. The five-headed hydra misses you.
The five-headed hydra bites you but does no damage.
The five-headed hydra bites you.
* * * LOW HITPOINT WARNING * * *
The five-headed hydra barely misses you.
The five-headed hydra misses you.
The five-headed hydra barely misses you. x2
The five-headed hydra bites you!
* * * LOW HITPOINT WARNING * * *
The five-headed hydra bites you.
You die...

.. ..# ..... ..#
.....########.##
.....#.#.P#...P#
..............##
...............#
..............##
...............#
.......@D.....##
..####..#P##..#
#######P.# ##.#
.# .# .# ##


You could see a five-headed hydra.

Vanquished Creatures
  Erolcha (D:9)
  A hydra (D:9)
  2 hill giants (D:10)
  A gargoyle (D:10)
  2 spiny frogs (Lair:1)
  2 komodo dragons
  A troll (D:10)
  4 hippogriffs
  2 dream sheep (D:9)
  14 yaks
  A wyvern (Lair:1)
  A basilisk (Lair:1)
  3 vampire mosquitoes (D:10)
  Menkaure (D:6)
  7 porcupines (Lair:1)
  6 water moccasins (Lair:1)
  2 ice beasts
  2 orc warriors
  A black bear (D:9)
  2 necrophages
  3 phantoms
  2 centaurs
  5 bullfrogs
  4 big kobolds
  3 scorpions
  5 wights (D:6)
  5 howler monkeys
  8 crimson imps
  2 jellies
  3 centaur zombies
  A quasit (D:7)
  4 hounds
  5 orc priests
  15 orc wizards
  A centaur skeleton (D:5)
  A bullfrog skeleton (D:10)
  Ijyb (D:2)
  2 iguanas
  Natasha (thrice) (D:2)
  9 worker ants
  A hound skeleton (D:8)
  A howler monkey zombie (D:5)
  A worker ant zombie (D:9)
  Robin (D:2)
  9 gnolls
  8 adders
  3 shadow imps
  An adder zombie (D:9)
  An adder skeleton (D:9)
  2 worms (D:3)
  A dart slug (D:2)
  3 leopard geckos
  33 orcs
  5 bats
  5 giant cockroaches
  18 goblins
  11 hobgoblins
  11 jackals
  13 kobolds
  3 quokkas
  3 frilled lizards
  A jackal skeleton (D:4)
  A leopard gecko skeleton (D:5)
  2 quokka skeletons
  A quokka zombie (D:8)
  8 rats
  A fungus (D:1)
286 creatures vanquished.

Vanquished Creatures (others)
  A sky beast (D:9)
1 creature vanquished.

Grand Total: 287 creatures vanquished

Notes
Turn   | Place    | Note
-------+----------+-------------------------------------------
     0 | D:1      | Maramoto the Gargoyle Earth Elementalist began the quest for the Orb.
     0 | D:1      | Reached XP level 1. HP: 10/10 MP: 3/3
   325 | D:1      | Reached XP level 2. HP: 15/15 MP: 1/5
  1040 | D:1      | Reached XP level 3. HP: 16/19 MP: 7/7
  1045 | D:1      | Learned a level 3 spell: Stone Arrow
  1727 | D:2      | Noticed Ijyb
  1737 | D:2      | Killed Ijyb
  1737 | D:2      | Reached skill level 3 in Spellcasting
  1776 | D:2      | Reached XP level 4. HP: 24/24 MP: 8/8
  1844 | D:2      | Reached skill level 1 in Conjurations
  1994 | D:2      | Found a stormy altar of Qazlal.
  2037 | D:2      | Noticed Robin
  2040 | D:2      | Killed Robin
  2128 | D:2      | Noticed Natasha
  2139 | D:2      | Killed Natasha
  2139 | D:2      | Reached XP level 5. HP: 12/28 MP: 3/10
  2489 | D:2      | Noticed Natasha
  2494 | D:2      | Killed Natasha
  2634 | D:2      | Noticed Natasha
  2643 | D:2      | Killed Natasha
  2643 | D:2      | Reached skill level 4 in Spellcasting
  2643 | D:2      | Reached skill level 5 in Earth Magic
  3093 | D:3      | Reached XP level 6. HP: 26/32 MP: 12/12
  3316 | D:3      | Found a faded altar of an unknown god.
  3936 | D:3      | Found a bloodstained altar of Trog.
  4616 | D:4      | Found a blossoming altar of Fedhas.
  4635 | D:4      | Noticed an oklob plant
  4882 | D:4      | Found a shadowy altar of Dithmenos.
  5122 | D:4      | Reached skill level 5 in Spellcasting
  5136 | D:4      | Reached XP level 7. HP: 16/36 MP: 0/14
  5309 | D:4      | Found an opulent altar of Gozag.
  5519 | D:5      | Entered Level 5 of the Dungeon
  5735 | D:5      | Learned a level 5 spell: Lee's Rapid Deconstruction
  6162 | D:5      | Reached skill level 6 in Spellcasting
  6356 | D:5      | Reached XP level 8. HP: 39/41 MP: 17/17
  6410 | D:5      | Found a sacrificial altar of Ru.
  6779 | D:6      | Noticed Menkaure
  7055 | D:6      | Found a staircase to the Ecumenical Temple.
  7072 | Temple   | Entered the Ecumenical Temple
  7299 | D:6      | Killed Menkaure
  7299 | D:6      | Reached skill level 7 in Spellcasting
  7514 | D:6      | Reached skill level 5 in Conjurations
  7642 | D:6      | Reached skill level 1 in Armour
  8161 | D:6      | Reached skill level 1 in Fighting
  8268 | D:6      | You fall through a shaft for 3 floors!
  8293 | D:8      | Noticed a hippogriff
  8306 | D:8      | Killed a hippogriff
  8306 | D:8      | Reached skill level 1 in Maces & Flails
  8306 | D:8      | Reached XP level 9. HP: 27/47 MP: 7/20
  9893 | D:8      | Found a deep blue altar of Sif Muna.
 10060 | D:8      | Reached skill level 8 in Spellcasting
 10549 | D:9      | Found a radiant altar of Vehumet.
 10563 | D:9      | Became a worshipper of Vehumet
 10857 | D:9      | Found a shattered altar of Ashenzari.
 11067 | D:9      | Reached XP level 10. HP: 56/56 MP: 22/22
 11135 | D:9      | Reached * piety under Vehumet
 11135 | D:9      | Offered knowledge of Freeze by Vehumet.
 11266 | D:9      | Noticed Erolcha
 11277 | D:9      | Killed Erolcha
 11494 | D:9      | Noticed a three-headed hydra
 11510 | D:9      | Reached skill level 9 in Spellcasting
 11560 | D:9      | Killed a one-headed hydra
 12129 | D:10     | Entered Level 10 of the Dungeon
 12129 | D:10     | Found a staircase to the Lair.
 12633 | D:10     | Noticed a gargoyle
 12635 | D:10     | Killed a gargoyle
 12635 | D:10     | Reached skill level 5 in Armour
 12635 | D:10     | Reached XP level 11. HP: 62/62 MP: 13/24
 12725 | D:10     | Reached ** piety under Vehumet
 12725 | D:10     | Offered knowledge of Throw Flame by Vehumet.
 13132 | D:10     | Reached skill level 5 in Fighting
 13594 | D:10     | Found a staircase to the Orcish Mines.
 13602 | D:10     | Noticed a hill giant
 13611 | D:10     | Killed a hill giant
 13644 | D:10     | Noticed a hill giant
 13689 | D:10     | Killed a hill giant
 13689 | D:10     | Reached skill level 10 in Spellcasting
 13910 | Lair:1   | Entered Level 1 of the Lair of Beasts
 14220 | Lair:1   | Reached skill level 5 in Maces & Flails
 14427 | Lair:1   | Offered knowledge of Conjure Flame by Vehumet.
 14493 | Lair:1   | Learned a level 3 spell: Conjure Flame
 14865 | Lair:1   | Reached skill level 1 in Fire Magic
 14865 | Lair:1   | Reached XP level 12. HP: 69/69 MP: 13/26
 15623 | Lair:2   | Noticed a six-headed hydra
 15631 | Lair:2   | Slain by a five-headed hydra

Vault maps used:
D:1:      onia_arrival_mini_maze
D:2:      nicolae_qazlal_eye_of_the_storm, uniq_iyjb, uniq_natasha, uniq_robin
D:3:      lemuel_coloured_pillars_altar, ecumenical_altar_1
D:4:      marbit_many_paths, lemuel_round_altar, tgw_fedhas, first_bread
D:5:      nicolae_ru_the_path_less_chosen, feat_on_display
D:6:      uniq_menkaure
D:7:      roderic_st_hans_cross, minmay_item_behind_shaft
D:8:      kennysheep_mini_moat
D:9:      fiery_altar_vehumet, cheibrodos_ashenzari_chains, enter_bailey_3,
          st_stairs_1, hangedman_ranch, uniq_erolcha
D:10:     lair_0_dummy, orc_0_dummy
Temple:   nicolae_temple_figure_eight
Lair:2:   disabler_island

Skill      XL: |  1  2  3  4  5  6  7  8  9 10 11 |
---------------+----------------------------------+-----
Earth Magic    | 4 5 6 7 8 9 |  9.7
Spellcasting   | 3 4 5 6 7 8 9 10 | 10.4
Conjurations   | 1 2 4 5 6 7 8 |  8.1
Armour         | 1 3 5 6 |  6.4
Dodging        | 2 3 4 |  4.9
Fighting       | 1 3 4 5 |  5.9
Maces & Flails | 1 2 4 5 |  5.4
Fire Magic     | 1 |  1.6
Stealth        | |  2.1
Transmutations | |  0.7

Action                   |  1- 3 |  4- 6 |  7- 9 | 10-12 || total
-------------------------+-------+-------+-------+-------++-------
Melee: Club              |    21 |       |       |       ||    21
       Dagger            |    55 |   239 |   412 |   389 ||  1095
       Short sword       |       |       |    66 |       ||    66
       Falchion          |       |       |       |     5 ||     5
 Cast: Sandblast         |    14 |     1 |     2 |     2 ||    19
       Stone Arrow       |       |     6 |    38 |    59 ||   103
       Lee's Rapid Decon |       |       |     4 |    18 ||    22
Evoke: Wand              |       |       |       |     3 ||     3
  Use: Scroll            |       |    11 |    10 |     4 ||    25
       Potion            |       |       |     4 |     6 ||    10
 Stab: Sleeping          |     2 |     2 |       |     3 ||     7
       Distracted        |       |       |     1 |       ||     1
  Eat: Fruit             |     3 |       |     4 |     6 ||    13
       Chunk             |     1 |    10 |    16 |    13 ||    40
       Beef jerky        |       |       |     2 |       ||     2
       Pizza             |       |       |       |     1 ||     1
Armor: Robe              |    14 |   101 |   228 |   219 ||   562
Dodge: Dodged            |    47 |   159 |   329 |   321 ||   856
       Rpst.: Falchion   |       |       |       |     1 ||     1
